 Dungeon Crawl Stone Soup version 0.18-a0-1788-g92de1ac (webtiles) character file.

7786 HaroldButt the Basher (level 11, 0/58 HPs)
             Began as a Gargoyle Gladiator on Apr 15, 2016.
             Was a High Priest of Okawaru.
             Slain by Ijustatesigmund's ghost (7 damage)
             ... on level 10 of the Dungeon on Apr 19, 2016.
             The game lasted 01:24:40 (8332 turns).

HaroldButt the Basher (Gargoyle Gladiator)          Turns: 8332, Time: 01:24:41

Health: 0/58       AC: 23    Str: 18      XL:     11   Next: 20%
Magic:  9/9        EV: 13    Int: 10      God:    Okawaru [*****.]
Gold:   459        SH:  0    Dex: 12 (13) Spells: 0 memorised, 10 levels left

rFire  + . .     SeeInvis +     a - +2 morningstar (drain)
rCold  . . .     Gourm    .     x - +3 ring mail {rF+}
rNeg   + . .     Faith    .     (no shield)
rPois  ∞         Spirit   .     r - +2 hat {MR+}
rElec  +         Dismiss  .     t - +0 cloak
rCorr  .         Reflect  .     P - +0 pair of gloves
SustAt .         Harm     .     M - +0 pair of boots
MR     +....                    (no amulet)
Stlth  +.........               q - ring of see invisible
                                h - +2 ring of dexterity

@: somewhat resistant to hostile enchantments, very unstealthy
A: clumsy 1, deterioration 1, frail 1, low mp 1, negative energy resistance 1,
shaggy fur 1, electricity resistance, slow regeneration 1, unbreathing,
petrification resistance, rot immunity, MP-powered wands, AC +7
a: Heroism, Finesse, Renounce Religion


You were on level 10 of the Dungeon.
You worshipped Okawaru.
Okawaru was extremely pleased with you.
You were not hungry.

You visited 2 branches of the dungeon, and saw 11 of its levels.

You collected 633 gold pieces.
You spent 174 gold pieces at shops.

Inventory:

Hand Weapons
 a - a +2 morningstar of draining (weapon)
 w - a +0 blowgun
 E - a +1 whip of electrocution
Missiles
 d - 3 throwing nets (quivered)
 e - 6 javelins of returning
 l - 74 poisoned needles
Armour
 r - a +2 hat of magic resistance (worn)
 t - a +0 cloak (worn)
 x - a +3 ring mail of fire resistance (worn)
 M - a +0 pair of boots (worn)
 P - a +0 pair of gloves (worn)
Jewellery
 h - a +2 ring of dexterity (left hand)
 q - a ring of see invisible (right hand)
Wands
 J - a wand of iceblast (15/15)
 O - a wand of iceblast (11/15)
 Q - a wand of lightning (9/15)
Scrolls
 c - a scroll of magic mapping
 j - 2 scrolls of identify
 u - 3 scrolls of enchant weapon
 v - a scroll of silence
 y - a scroll of blinking
 z - 4 scrolls of teleportation
 D - 2 scrolls of remove curse
 F - a scroll of recharging
Potions
 b - 2 potions of agility
 g - 7 potions of curing
 i - 3 potions of invisibility
 m - a potion of resistance
 p - a potion of magic
 s - a potion of might
 G - a potion of brilliance
 H - 2 potions of lignification
 K - a potion of haste
Books
 n - a book of the Dragon

   Spells                             Type                      Level
   a - Flame Tongue                   Conjuration/Fire             1
   b - Cause Fear                     Hexes                        4
   c - Bolt of Fire                   Conjuration/Fire             6
   d - Dragon Form                    Transmutation                7
   e - Dragon's Call                  Summoning                    9
 A - a book of Dreams

   Spells                             Type                      Level
   a - Ensorcelled Hibernation        Hexes/Ice                    2
   b - Silence                        Hexes/Air                    5
   c - Darkness                       Hexes                        6
   d - Shadow Creatures               Summoning                    6
 B - a book of Minor Magic

   Spells                             Type                      Level
   a - Magic Dart                     Conjuration                  1
   b - Blink                          Translocation                2
   c - Call Imp                       Summoning                    2
   d - Repel Missiles                 Charms/Air                   2
   e - Slow                           Hexes                        2
   f - Conjure Flame                  Conjuration/Fire             3
   g - Mephitic Cloud                 Conjuration/Poison/Air       3
Comestibles
 f - 12 bread rations
 k - 6 chunks of flesh
 o - 5 meat rations
 C - 9 slices of pizza
 N - 3 beef jerkies


   Skills:
 + Level 6.3 Fighting
 + Level 13.8 Maces & Flails
 - Level 1.7 Throwing
 + Level 5.8 Armour
 + Level 5.2 Dodging


You had 10 spell levels left.
You didn't know any spells.

Dungeon Overview and Level Annotations

Branches:
Dungeon (10/15)            Temple (1/1) D:4             Orc (0/2) D:10
   Lair: D:8-11

Altars:
Ashenzari
Cheibriados
Dithmenos
Fedhas
Gozag
Kikubaaqudgha
Makhleb
Nemelex Xobeh
Okawaru
Pakellas
Qazlal
Ru
Trog
Vehumet
Xom
Yredelemnul
The Shining One

Shops:
D:7 [

Annotations:
D:10 Ijustatesigmund's ghost, journeyman TrHu


Innate Abilities, Weirdness & Mutations

You are resistant to torment.
Your stone body is resilient (AC +7).
You are immune to poison.
You resist negative energy.
You are resistant to electric shocks.
You can survive without breathing.
You are immune to petrification.
You are immune to rotting.
You are clumsy. (Dex -2)
Your body sometimes deteriorates upon taking damage.
You are frail (-10% HP).
Your magical capacity is low (-10% MP).
You are covered in fur (AC +1).
You regenerate slowly when monsters are visible.
You expend magic power (3 MP) to strengthen your wands.


Message History

Ijustatesigmund's ghost is moderately damaged.
Ijustatesigmund's ghost hits you but does no damage.
You hit Ijustatesigmund's ghost but do no damage.
Ijustatesigmund's ghost is moderately damaged.
You miss Ijustatesigmund's ghost.
Ijustatesigmund's ghost is moderately damaged.
Ijustatesigmund's ghost shrieks, "To die, to sleep, no more."
Ijustatesigmund's ghost barely misses you.
You hit Ijustatesigmund's ghost.
Ijustatesigmund's ghost is moderately damaged.
Ijustatesigmund's ghost closely misses you.
You thump Ijustatesigmund's ghost!
Ijustatesigmund's ghost is heavily damaged.
Ijustatesigmund's ghost hits you!!
* * * LOW HITPOINT WARNING * * *
Your body deteriorates!
You feel clumsy.
You hit Ijustatesigmund's ghost.
Ijustatesigmund's ghost is heavily damaged.
Ijustatesigmund's ghost hits you!
You die...

)...# ##### ....#
#.........#
....########
#.........##
...........#
#...........
....######.#
#...(.....#
............
+.........##
####.####.##
#........... ####.#
...###...........
.....# #.....@W.#.##
.....#############....#
...................#..#
.....#########...#.#..#
.....# #...#.# .#
.....# #...#.# .#
###### ####### #


You could see Ijustatesigmund's ghost.

Vanquished Creatures
  Gastronok (D:9)
  Pikel (D:7)
  The ghost of namelastname112 the Grappler, a novice DrTm of Ru (D:7)
  The ghost of epen the Slasher, a novice NaGl (D:4)
  A troll (D:9)
  Prince Ribbit (D:7)
  Grinder (D:5)
  5 spriggans (D:5)
  Eustachio (D:4)
  A human (D:7)
  A yak (D:7)
  Edmund (D:5)
  A water moccasin (D:4)
  Duvessa (D:5)
  3 phantoms
  2 sky beasts (D:8)
  An ice beast (D:7)
  4 centaurs
  A necrophage (D:10)
  4 ogres
  2 big kobolds
  4 giant frogs
  Dowan (D:5)
  3 howler monkeys
  2 giant frog zombies
  3 crimson imps
  2 hounds
  A centaur skeleton (D:7)
  Crazy Yiuf (D:3)
  2 orc priests (D:8)
  A gnoll shaman (D:5)
  10 orc wizards
  2 giant frog skeletons
  Terence (D:3)
  4 worker ants
  3 sheep (D:7)
  A hound skeleton (D:7)
  11 gnolls
  12 adders
  A shadow imp (D:8)
  3 oozes
  A worm (D:5)
  2 dart slugs
  9 giant geckos
  34 orcs
  6 bats
  8 giant cockroaches
  7 goblins
  8 hobgoblins
  10 jackals
  2 quokkas (D:5)
  7 giant newts
  25 kobolds
  2 quokka skeletons
  6 rats
  A plant (D:3)
231 creatures vanquished.

Vanquished Creatures (others)
  A worker ant (D:7)
  A hound zombie (D:7)
  A worker ant zombie (D:8)
  An adder (D:7)
  An orc (D:7)
5 creatures vanquished.

Grand Total: 236 creatures vanquished

Notes
Turn   | Place    | Note
--------------------------------------------------------------
     0 | D:1      | HaroldButt the Gargoyle Gladiator began the quest for the Orb.
     0 | D:1      | Reached XP level 1. HP: 12/12 MP: 1/1
   146 | D:1      | Reached XP level 2. HP: 14/17 MP: 2/2
   329 | D:1      | Reached skill level 4 in Maces & Flails
   329 | D:1      | Reached XP level 3. HP: 12/21 MP: 3/3
   743 | D:2      | Found a blossoming altar of Fedhas.
   952 | D:2      | Reached XP level 4. HP: 26/26 MP: 4/4
   976 | D:2      | Found a faded altar to an unknown god.
  1350 | D:3      | Reached skill level 5 in Maces & Flails
  1551 | D:3      | Noticed Crazy Yiuf
  1555 | D:3      | Killed Crazy Yiuf
  1555 | D:3      | Reached XP level 5. HP: 30/30 MP: 5/5
  1827 | D:3      | Noticed Terence
  1847 | D:3      | Killed Terence
  1847 | D:3      | Reached skill level 6 in Maces & Flails
  2194 | D:4      | Noticed epen's ghost (novice NaGl)
  2293 | D:4      | Found a sparkling altar of Nemelex Xobeh.
  2297 | D:4      | Found a staircase to the Ecumenical Temple.
  2308 | Temple   | Entered the Ecumenical Temple
  2335 | Temple   | Became a worshipper of Warmaster Okawaru
  2377 | D:4      | Found an oddly glowing altar of Pakellas.
  2405 | D:4      | Found a stormy altar of Qazlal.
  2492 | D:4      | Reached XP level 6. HP: 32/35 MP: 6/6
  2524 | D:4      | Noticed Eustachio
  2552 | D:4      | Killed Eustachio
  2552 | D:4      | Reached skill level 7 in Maces & Flails
  2626 | D:4      | Reached XP level 7. HP: 18/40 MP: 7/7
  2677 | D:5      | Entered Level 5 of the Dungeon
  2787 | D:5      | Noticed a spriggan
  2790 | D:5      | Noticed Edmund
  2808 | D:5      | Killed Edmund
  2808 | D:5      | Reached * piety under Okawaru
  2808 | D:5      | Reached skill level 8 in Maces & Flails
  2827 | D:5      | Noticed a spriggan
  3335 | D:4      | Killed epen's ghost
  3335 | D:4      | Reached skill level 9 in Maces & Flails
  3335 | D:4      | Reached XP level 8. HP: 35/44 MP: 5/8
  3583 | D:5      | Noticed a spriggan
  3585 | D:5      | Noticed a spriggan
  3596 | D:5      | Killed a spriggan
  3596 | D:5      | Reached ** piety under Okawaru
  3596 | D:5      | Reached skill level 10 in Maces & Flails
  3598 | D:5      | Noticed a spriggan
  3601 | D:5      | Noticed a spriggan
  3612 | D:5      | Noticed Dowan
  3619 | D:5      | Noticed Duvessa
  3630 | D:5      | Killed Duvessa
  3635 | D:5      | Killed Dowan
  3652 | D:5      | Upgraded the game from 0.18-a0-1774-gce1f7b6 to 0.18-a0-1788-g92de1ac
  3812 | D:5      | Killed a spriggan
  3812 | D:5      | Reached skill level 11 in Maces & Flails
  3816 | D:5      | Reached XP level 9. HP: 31/48 MP: 9/9
  3947 | D:5      | Reached *** piety under Okawaru
  4026 | D:5      | Reached skill level 12 in Maces & Flails
  4445 | D:5      | Noticed Grinder
  4453 | D:5      | Killed Grinder
  4625 | D:5      | Found a glowing golden altar of the Shining One.
  4877 | D:6      | Reached skill level 13 in Maces & Flails
  5225 | D:6      | Found a radiant altar of Vehumet.
  5813 | D:6      | Reached skill level 1 in Armour
  5855 | D:7      | Found a snail-covered altar of Cheibriados.
  5934 | D:7      | Noticed Pikel
  5950 | D:7      | Noticed namelastname112's ghost (novice DrTm)
  5958 | D:7      | Killed Pikel
  5958 | D:7      | Reached **** piety under Okawaru
  5958 | D:7      | Reached XP level 10. HP: 46/56 MP: 10/10
  5987 | D:7      | Killed namelastname112's ghost
  6068 | D:7      | Found Nifuekan's Armour Shoppe.
  6082 | D:7      | Bought a +0 pair of boots for 58 gold pieces
  6082 | D:7      | Bought a +0 pair of gloves for 58 gold pieces
  6082 | D:7      | Bought a +0 cloak for 58 gold pieces
  6323 | D:7      | Gained mutation: You expend magic power (3 MP) to strengthen your wands. [potion of mutation]
  6323 | D:7      | Gained mutation: You are clumsy. (Dex -2) [potion of mutation]
  6323 | D:7      | Gained mutation: You are frail (-10% HP). [potion of mutation]
  6402 | D:7      | Noticed Prince Ribbit
  6408 | D:7      | Killed Prince Ribbit
  6447 | D:7      | Reached ***** piety under Okawaru
  6774 | D:8      | Received a gift from Okawaru
  6784 | D:8      | Gained mutation: You are weak. (Str -2) [mutagenic meat]
  6785 | D:8      | Gained mutation: Your magical capacity is low (-10% MP). [mutagenic meat]
  6786 | D:8      | Lost mutation: You are weak. (Str -2) [mutagenic meat]
  6787 | D:8      | Gained mutation: You regenerate slowly when monsters are visible. [mutagenic meat]
  6897 | D:8      | Reached skill level 5 in Fighting
  6979 | D:8      | Gained mutation: Your body sometimes deteriorates upon taking damage. [mutagenic meat]
  6981 | D:8      | Gained mutation: You are covered in fur (AC +1). [mutagenic meat]
  7129 | D:8      | Found an ancient bone altar of Kikubaaqudgha.
  7197 | D:8      | Found a bloodstained altar of Trog.
  7206 | D:8      | Found an opulent altar of Gozag.
  7945 | D:9      | Received a gift from Okawaru
  7970 | D:9      | Noticed Gastronok
  7983 | D:9      | Killed Gastronok
  7983 | D:9      | Reached skill level 5 in Armour
  7983 | D:9      | Reached skill level 5 in Dodging
  7983 | D:9      | Reached XP level 11. HP: 29/57 MP: 9/9
  8096 | D:9      | Found a sacrificial altar of Ru.
  8214 | D:10     | Entered Level 10 of the Dungeon
  8241 | D:10     | Found a staircase to the Orcish Mines.
  8313 | D:10     | Noticed Ijustatesigmund's ghost (journeyman TrHu)
  8332 | D:10     | Slain by Ijustatesigmund's ghost

Vault maps used:
D:1:      minmay_arrival_nine_rooms
D:2:      wad_crossroads, ecumenical_altar_2, fedhas_altar_2
D:3:      lexackson_kobold_supper, uniq_crazy_yiuf_cottage, uniq_terence
D:4:      lemuel_crystal_altar, grunt_temple_overflow_open,
          minmay_temple_entry_butterflies, first_bread, serial_bayou_lagoon_b,
          uniq_eustachio
D:5:      forest_paths, tso_altar, uniq_duvessa, uniq_edmund, uniq_grinder
D:6:      fiery_altar_vehumet
D:7:      kennysheep_mini_moat, serial_shops,
          nicolae_shop_competitors_out_of_business, grunt_livestock,
          uniq_prince_ribbit1, uniq_pikel
D:8:      old_standard_altar, amethyst_overflow_temple_binary,
          hangedman_decor_push
D:9:      nicolae_ru_great_annihilating_truth, uniq_gastronok
D:10:     erik_lair_dragon, orc_0_dummy, special_room,
          nemelex_xobeh_ov_fountains_minmay
Temple:   dpeg_three_leaves_temple_9

Skill      XL: |  1  2  3  4  5  6  7  8  9 10 |
---------------+-------------------------------+-----
Maces & Flails | 4 5 6 7 9 11 13 | 13.8
Armour         | 2 5 |  5.8
Fighting       | 3 6 |  6.3
Dodging        | 3 5 |  5.2
Throwing       | |  1.7

Action                   |  1- 3 |  4- 6 |  7- 9 | 10-12 || total
-------------------------+-------+-------+-------+-------++-------
Melee: Flail             |   109 |   210 |    18 |       ||   337
       Dire flail        |       |       |   275 |       ||   275
       Morningstar       |       |       |    65 |   278 ||   343
       Whip              |       |       |    37 |    10 ||    47
 Fire: Blowgun           |       |     4 |       |       ||     4
Throw: Throwing net      |       |       |     3 |       ||     3
Invok: Heroism           |       |       |     2 |       ||     2
  Use: Scroll            |       |     7 |    12 |     6 ||    25
       Potion            |       |       |     1 |     4 ||     5
 Stab: Sleeping          |       |       |     1 |       ||     1
       Held in net/web   |       |       |     1 |       ||     1
       Paralysed         |       |       |       |     1 ||     1
  Eat: Chunk             |       |     6 |    10 |    12 ||    28
       Pizza             |       |       |     1 |       ||     1
       Royal jelly       |       |       |       |     1 ||     1
       Fruit             |       |       |       |     4 ||     4
Armor: Leather armour    |    45 |       |       |       ||    45
       Ring mail         |    25 |   105 |   146 |   121 ||   397
Dodge: Dodged            |    93 |   103 |   155 |   175 ||   526
